 Dungeon Sprint DCSS version 0.18-a0-1643-gb89d9db (webtiles) character file.

3710 Kidiri the Fighter (level 10, -6/105 HPs)
             Began as a Naga Fighter on Mar 28, 2016.
             Was an Elder of Okawaru.
             Mangled by a catoblepas (7 damage)
             ... in the Dungeon (Sprint IX: "|||||||||||||||||||||||||||||").
             The game lasted 00:03:13 (1455 turns).

Kidiri the Fighter (Naga Fighter)                   Turns: 1455, Time: 00:03:14

Health: -6/105     AC: 20    Str: 23    XL:     10   Next: 14%
Magic:  15/15      EV:  1    Int:  8    God:    Okawaru [****..]
Gold:   0          SH:  0    Dex: 13    Spells: 0 memorised, 9 levels left

rFire  . . .     SeeInvis +     o - +4 morningstar (crush)
rCold  . . .     Gourm    .     q - +1 chain mail
rNeg   + + +     Faith    .     c - +1 shield
rPois  ∞         Spirit   .     p - +0 helmet
rElec  .         Dismiss  .     (no cloak)
rCorr  .         Reflect  .     a - +1 pair of gloves
SustAt .         Harm     .     (no barding)
MR     +....     NoTele   +     (no amulet)
Stlth  ..........               r - +3 ring of dexterity
                                b - +2 ring of protection

@: petrified, heroism, very slow, somewhat resistant to hostile enchantments,
extremely unstealthy
A: see invisible, deformed body, poison resistance, screaming 1, slowness 2,
slow metabolism 1, spit poison 2, AC +3
a: Spit Poison, Heroism, Renounce Religion


You were in the Dungeon.
You worshipped Okawaru.
Okawaru was greatly pleased with you.
You were not hungry.

You visited 1 branch

Inventory:

Hand Weapons
 o - a +4 morningstar of crushing (weapon)
Armour
 a - a +1 pair of gloves (worn)
 c - a +1 shield (worn)
 p - a +0 helmet (worn)
 q - a +1 chain mail (worn)
Jewellery
 b - a +2 ring of protection (left hand)
 r - a +3 ring of dexterity (right hand)
Wands
 n - a wand of acid (7/15)
Scrolls
 k - 2 scrolls of blinking
 l - 3 scrolls of remove curse
 m - 2 scrolls of amnesia
 v - a scroll of fog
 w - 2 scrolls of fear
Potions
 d - a potion of might
 e - a potion of invisibility
 g - 4 potions of heal wounds
 h - 2 potions of haste
 i - 4 potions of magic
 j - 4 potions of curing
 s - a potion of agility
 t - 2 potions of berserk rage
Comestibles
 f - a bread ration


   Skills:
 * Level 11.3(16.3) Fighting
 + Level 8.1(13.1) Maces & Flails
 * Level 9.8(14.8) Armour
 + Level 6.4(11.4) Dodging
 * Level 9.8(14.8) Shields
 + Level 7.8 Invocations


You had 9 spell levels left.
You didn't know any spells.

Dungeon Overview and Level Annotations

Branches:
Dungeon (1/1)

Altars:
Cheibriados
Dithmenos
Elyvilon
Fedhas
Gozag
Kikubaaqudgha
Makhleb
Nemelex Xobeh
Okawaru
Pakellas
Qazlal
Ru
Sif Muna
Trog
Vehumet
Xom
Yredelemnul
Zin
The Shining One
Beogh
Jiyva
Lugonu


Innate Abilities, Weirdness & Mutations

You cannot wear boots.
Your serpentine skin is tough (AC +3).
You have supernaturally acute eyesight.
Armour fits poorly on your strangely shaped body.
Your system is resistant to poisons.
You cover ground very slowly.
You have a slow metabolism.
You can spit poison.
You occasionally shout uncontrollably at your foes.


Message History

You are engulfed in calcifying dust.
The catoblepas gores you but does no damage.
The catoblepas breathes a plume of calcifying dust at you.
The blast of calcifying dust hits the catoblepas.
The blast of calcifying dust hits you!
You are engulfed in calcifying dust.
The catoblepas breathes a plume of calcifying dust at you.
The blast of calcifying dust hits you!
* * * LOW HITPOINT WARNING * * *
The catoblepas breathes a plume of calcifying dust at you.
The blast of calcifying dust hits the catoblepas.
The blast of calcifying dust hits you!
* * * LOW HITPOINT WARNING * * *
A catoblepas comes into view.
You feel a shout rip itself from your throat, but you make no sound!
You are engulfed in calcifying dust.
The catoblepas gores you!!
* * * LOW HITPOINT WARNING * * *
A death yak comes into view.
The catoblepas gores you!
You die...

▓.▓.▓_▓
▓.▓.▓_▓
▓.▓.▓_▓
▓.▓.▓_▓
▓.▓.▓_▓
▓§▓.▓_▓
▓§▓.▓_▓
▓§▓.▓_▓
▓@▓.▓_▓
▓Y▓.▓_▓
▓Y▓.▓_▓
▓Y▓.▓_▓
▓.▓.▓_▓
▓Y▓.▓_▓
▓.▓.▓_▓
▓Y▓.▓'▓
▓.▓.▓.▓


You could see 2 death yaks and 3 catoblepae.

Vanquished Creatures
  A spiny frog (D)
  A black mamba (D)
  A kobold demonologist (D)
  4 komodo dragons (D)
  3 yaks (D)
  2 hippogriffs (D)
  2 porcupines (D)
  A water moccasin (D)
  An orc warrior (D)
  A sky beast (D)
  A wolf (D)
  A black bear (D)
  An ogre (D)
  2 giant frogs (D)
  A scorpion (D)
  2 hounds (D)
  A jelly (D)
  2 iguanas (D)
  2 river rats (D)
  2 giant geckos (D)
  An orc (D)
  A bat zombie (D)
  2 hobgoblins (D)
  A kobold (D)
  A ball python (D)
  A giant cockroach zombie (D)
  A giant gecko skeleton (D)
40 creatures vanquished.

Notes
Turn   | Place    | Note
--------------------------------------------------------------
     0 | D        | Kidiri the Naga Fighter began the quest for the Orb.
     0 | D        | Reached XP level 1. HP: 21/21 MP: 1/1
    25 | D        | Reached XP level 2. HP: 18/28 MP: 2/2
   130 | D        | Noticed an ogre
   149 | D        | Reached skill level 4 in Fighting
   149 | D        | Reached skill level 1 in Dodging
   149 | D        | Reached XP level 3. HP: 36/36 MP: 3/3
   160 | D        | Killed an ogre
   160 | D        | Reached skill level 5 in Fighting
   160 | D        | Reached XP level 4. HP: 13/46 MP: 4/4
   160 | D        | Reached XP level 5. HP: 14/52 MP: 5/5
   169 | D        | Found a glowing silver altar of Zin.
   169 | D        | Found a glowing golden altar of the Shining One.
   169 | D        | Found an ancient bone altar of Kikubaaqudgha.
   169 | D        | Found a basalt altar of Yredelemnul.
   169 | D        | Found a shimmering altar of Xom.
   169 | D        | Found a radiant altar of Vehumet.
   170 | D        | Found an iron altar of Okawaru.
   171 | D        | Found a burning altar of Makhleb.
   172 | D        | Found a deep blue altar of Sif Muna.
   173 | D        | Found a bloodstained altar of Trog.
   174 | D        | Found a sparkling altar of Nemelex Xobeh.
   175 | D        | Found a white marble altar of Elyvilon.
   176 | D        | Found a roughly hewn altar of Beogh.
   177 | D        | Found a viscous altar of Jiyva.
   178 | D        | Became a worshipper of Warmaster Okawaru
   480 | D        | Found a corrupted altar of Lugonu.
   481 | D        | Found a blossoming altar of Fedhas.
   482 | D        | Found a snail-covered altar of Cheibriados.
   483 | D        | Found a shadowy altar of Dithmenos.
   484 | D        | Found a stormy altar of Qazlal.
   485 | D        | Found an opulent altar of Gozag.
   486 | D        | Found a sacrificial altar of Ru.
   487 | D        | Found an oddly glowing altar of Pakellas.
   540 | D        | Noticed an orc warrior
   540 | D        | Noticed a yak
   542 | D        | Reached skill level 5 in Armour
   542 | D        | Reached skill level 1 in Invocations
   545 | D        | Killed an orc warrior
   545 | D        | Reached skill level 6 in Fighting
   545 | D        | Reached skill level 5 in Shields
   545 | D        | Reached XP level 6. HP: 39/63 MP: 5/7
   555 | D        | Killed a yak
   555 | D        | Reached skill level 7 in Fighting
   555 | D        | Reached skill level 5 in Maces & Flails
   566 | D        | Reached * piety under Okawaru
   566 | D        | Reached XP level 7. HP: 16/73 MP: 7/9
   829 | D        | Noticed a kobold demonologist
   838 | D        | Killed a kobold demonologist
   838 | D        | Reached skill level 8 in Fighting
   846 | D        | Reached skill level 5 in Invocations
   846 | D        | Reached XP level 8. HP: 66/82 MP: 8/11
   851 | D        | Reached skill level 9 in Fighting
   855 | D        | Gained mutation: You occasionally shout uncontrollably at your foes. [mutagenic meat]
  1119 | D        | Noticed a komodo dragon
  1128 | D        | Noticed a yak
  1128 | D        | Killed a komodo dragon
  1128 | D        | Reached ** piety under Okawaru
  1128 | D        | Reached skill level 5 in Dodging
  1144 | D        | Killed a yak
  1144 | D        | Reached skill level 10 in Fighting
  1144 | D        | Reached XP level 9. HP: 81/93 MP: 13/13
  1198 | D        | Noticed a komodo dragon
  1198 | D        | Noticed a komodo dragon
  1198 | D        | Noticed a komodo dragon
  1198 | D        | Noticed a black mamba
  1204 | D        | Killed a komodo dragon
  1204 | D        | Reached *** piety under Okawaru
  1215 | D        | Killed a komodo dragon
  1220 | D        | Noticed a spiny frog
  1221 | D        | Killed a komodo dragon
  1226 | D        | Killed a black mamba
  1226 | D        | Reached skill level 11 in Fighting
  1228 | D        | Reached XP level 10. HP: 70/104 MP: 15/15
  1233 | D        | Reached **** piety under Okawaru
  1244 | D        | Killed a spiny frog
  1428 | D        | Noticed a catoblepas
  1428 | D        | Noticed a catoblepas
  1428 | D        | Noticed a death yak
  1454 | D        | Noticed a catoblepas
  1454 | D        | HP: 1/105 [catoblepas (12)]
  1455 | D        | Noticed a death yak
  1455 | D        | Mangled by a catoblepas

Vault maps used:
D:        linesprint

Skill      XL: |  1  2  3  4  5  6  7  8  9 10 |
---------------+-------------------------------+-----
Armour         | 3 4 5 6 7 8 9 |  9.8
Shields        | 3 4 5 6 7 8 9 |  9.8
Fighting       | 4 5 6 7 8 10 11 | 11.3
Dodging        | 1 2 3 4 5 6 |  6.4
Maces & Flails | 3 4 5 6 7 8 |  8.1
Invocations    | 2 3 5 6 7 |  7.8

Action                   |  1- 3 |  4- 6 |  7- 9 | 10-12 || total
-------------------------+-------+-------+-------+-------++-------
Melee: Flail             |    48 |       |       |       ||    48
       Morningstar       |       |    25 |    79 |    18 ||   122
Invok: Heroism           |       |       |     3 |     1 ||     4
 Abil: Spit Poison       |       |     1 |       |       ||     1
  Use: Potion            |     3 |       |       |       ||     3
       Scroll            |       |       |     4 |       ||     4
  Eat: Chunk             |       |       |     2 |     1 ||     3
